[ AOE2 MATCH · #500679596 ]
UnrankedSaracens vs Spanish
Player's team · LOSS
Rival team · WIN
[ REPLAY ANALYSIS · EXTRACTED FROM THE RECORDED GAME ]
Feudal
8:51
Castle
24:17
Imperial
38:57
| APM avg | 83.7 |
| APM peak | 109 |
| eAPM avg | 40.8 |
| Villagers / military | 168 / 105 |
Focus
⚔️ 38.1% · 🌾 61.9%
Cavalry Archer ×68 · Archer ×17 · Scout Cavalry ×10 · Scorpion ×3 · Spearman ×3 · Trebuchet (Packed) ×3
Feudal
8:50
Castle
24:11
Imperial
43:11
| APM avg | 63.2 |
| APM peak | 91 |
| eAPM avg | 27.1 |
| Villagers / military | 133 / 137 |
Focus
⚔️ 35.0% · 🌾 65.0%
Conquistador ×109 · Scout Cavalry ×11 · Militia ×5 · Spearman ×4 · Knight ×3 · Missionary ×3
Match map
Initial resources + every placement click. Lines = walls · curves = elevation contours. ◆ gold · ⬟ stone · ● berries · ✦ relic · ◌ wall gap
Your base· Open — 4t gap
hK | Puerco_Negro's base· Open — unwalled flank
Smoothed initial terrain · ◌ = detected wall gap · hover for details
Inputs per minute
— Quix - - hK | Puerco_Negro
Build order — Quix
First 150 of 428 actions detected
| 0:01 | Create | Villager (Male) |
| 0:01 | Create | Villager (Male) |
| 0:01 | Create | Villager (Male) |
| 0:02 | Build | House |
| 0:03 | Build | House |
| 0:10 | Create | Villager (Male) |
| 0:10 | Create | Villager (Male) |
| 1:23 | Create | Villager (Male) |
| 1:54 | Build | Lumber Camp |
| 1:58 | Create | Villager (Male) |
| 2:14 | Create | Villager (Male) |
| 2:43 | Create | Villager (Male) |
| 2:43 | Create | Villager (Male) |
| 2:58 | Create | Villager (Male) |
| 2:58 | Create | Villager (Male) |
| 3:23 | Build | House |
| 3:42 | Create | Villager (Male) |
| 3:42 | Create | Villager (Male) |
| 3:42 | Create | Villager (Male) |
| 4:10 | Create | Villager (Male) |
| 4:10 | Create | Villager (Male) |
| 4:20 | Build | Mill |
| 4:50 | Create | Villager (Male) |
| 5:22 | Create | Villager (Male) |
| 5:22 | Create | Villager (Male) |
| 5:39 | Research | Loom |
| 6:39 | Research | Feudal Age |
| 6:52 | Build | Lumber Camp |
| 7:50 | Build | Barracks |
| 8:03 | Build | House |
| 8:08 | Create | Villager (Male) |
| 8:51 | Age | Feudal Age |
| 8:52 | Build | Stable |
| 9:03 | Research | Double-Bit Axe |
| 9:10 | Create | Villager (Male) |
| 9:22 | Build | Palisade Wall |
| 9:29 | Build | Palisade Wall |
| 9:30 | Create | Villager (Male) |
| 9:35 | Create | Scout Cavalry |
| 9:36 | Create | Scout Cavalry |
| 9:40 | Build | Palisade Wall |
| 9:41 | Build | Palisade Wall |
| 9:41 | Build | Palisade Wall |
| 9:50 | Build | Farm |
| 10:04 | Create | Villager (Male) |
| 10:08 | Build | Farm |
| 10:12 | Build | House |
| 10:20 | Create | Scout Cavalry |
| 10:30 | Create | Villager (Male) |
| 10:37 | Build | House |
| 10:48 | Create | Villager (Male) |
| 11:07 | Create | Villager (Male) |
| 11:20 | Build | Archery Range |
| 11:37 | Create | Villager (Male) |
| 11:39 | Build | Farm |
| 11:48 | Create | Scout Cavalry |
| 12:05 | Build | House |
| 12:13 | Create | Scout Cavalry |
| 12:14 | Create | Villager (Male) |
| 12:20 | Create | Archer |
| 12:33 | Build | Mining Camp |
| 12:39 | Create | Villager (Male) |
| 12:50 | Build | Farm |
| 13:04 | Create | Villager (Male) |
| 13:06 | Build | Farm |
| 13:20 | Create | Villager (Male) |
| 13:22 | Build | Farm |
| 13:38 | Create | Villager (Male) |
| 13:41 | Build | Blacksmith |
| 13:48 | Create | Villager (Male) |
| 13:51 | Build | Farm |
| 13:59 | Create | Scout Cavalry |
| 14:02 | Create | Archer |
| 14:10 | Build | Palisade Wall |
| 14:13 | Build | Farm |
| 14:18 | Create | Villager (Male) |
| 14:36 | Build | Farm |
| 14:37 | Build | Farm |
| 14:45 | Build | House |
| 14:46 | Build | Palisade Wall |
| 14:53 | Build | House |
| 14:58 | Create | Archer |
| 14:58 | Create | Archer |
| 15:03 | Create | Villager (Male) |
| 15:15 | Build | House |
| 15:19 | Create | Villager (Male) |
| 15:21 | Build | Farm |
| 15:22 | Create | Villager (Male) |
| 15:23 | Create | Archer |
| 15:31 | Build | Palisade Wall |
| 15:31 | Build | Palisade Wall |
| 15:42 | Research | Fletching |
| 15:53 | Create | Villager (Male) |
| 16:11 | Create | Villager (Male) |
| 16:16 | Create | Archer |
| 16:23 | Create | Scout Cavalry |
| 16:34 | Create | Villager (Male) |
| 16:40 | Build | Palisade Wall |
| 16:42 | Build | Palisade Wall |
| 16:51 | Build | Lumber Camp |
| 16:52 | Build | Farm |
| 16:52 | Build | Farm |
| 17:00 | Build | House |
| 17:01 | Build | Palisade Wall |
| 17:02 | Build | Palisade Wall |
| 17:14 | Create | Villager (Male) |
| 17:16 | Build | Farm |
| 17:17 | Build | Farm |
| 17:20 | Build | Farm |
| 17:23 | Create | Archer |
| 17:23 | Create | Archer |
| 17:32 | Build | Palisade Wall |
| 17:38 | Create | Villager (Male) |
| 17:41 | Build | Farm |
| 17:43 | Build | Palisade Wall |
| 17:44 | Build | Palisade Wall |
| 17:49 | Build | House |
| 17:51 | Build | Palisade Wall |
| 17:56 | Build | Palisade Wall |
| 18:03 | Build | House |
| 18:05 | Build | House |
| 18:11 | Create | Archer |
| 18:13 | Create | Villager (Male) |
| 18:19 | Create | Villager (Male) |
| 18:22 | Build | Farm |
| 18:26 | Create | Scout Cavalry |
| 18:40 | Build | Farm |
| 18:48 | Create | Spearman |
| 18:48 | Create | Scout Cavalry |
| 18:59 | Build | Palisade Wall |
| 19:03 | Create | Villager (Male) |
| 19:05 | Build | Market |
| 19:18 | Build | House |
| 19:22 | Create | Spearman |
| 19:23 | Create | Scout Cavalry |
| 19:32 | Create | Spearman |
| 19:33 | Create | Archer |
| 19:47 | Build | House |
| 19:49 | Create | Archer |
| 19:50 | Create | Villager (Male) |
| 19:50 | Create | Villager (Male) |
| 19:50 | Create | Villager (Male) |
| 19:51 | Create | Villager (Male) |
| 19:54 | Build | Farm |
| 19:55 | Build | Farm |
| 20:19 | Build | Farm |
| 20:44 | Research | Horse Collar |
| 20:52 | Build | House |
| 21:05 | Build | House |
| 21:09 | Build | Farm |
Build order — hK | Puerco_Negro
First 150 of 424 actions detected
| 0:00 | Create | Villager (Male) |
| 0:00 | Create | Villager (Male) |
| 0:02 | Build | House |
| 0:02 | Build | House |
| 0:10 | Create | Villager (Male) |
| 0:10 | Create | Villager (Male) |
| 1:25 | Create | Villager (Male) |
| 1:25 | Create | Villager (Male) |
| 1:48 | Create | Villager (Male) |
| 1:50 | Build | Lumber Camp |
| 2:22 | Create | Villager (Male) |
| 2:25 | Create | Villager (Male) |
| 2:25 | Create | Villager (Male) |
| 3:05 | Create | Villager (Male) |
| 3:06 | Create | Villager (Male) |
| 3:16 | Build | House |
| 3:37 | Create | Villager (Male) |
| 4:00 | Create | Villager (Male) |
| 4:00 | Create | Villager (Male) |
| 4:01 | Create | Villager (Male) |
| 4:15 | Create | Villager (Male) |
| 4:16 | Create | Villager (Male) |
| 5:03 | Build | Barracks |
| 5:09 | Research | Loom |
| 5:13 | Create | Villager (Male) |
| 5:15 | Create | Villager (Male) |
| 5:54 | Build | House |
| 5:57 | Research | Loom |
| 6:38 | Research | Feudal Age |
| 6:38 | Research | Feudal Age |
| 6:52 | Create | Militia |
| 6:52 | Create | Militia |
| 7:11 | Create | Militia |
| 7:32 | Create | Militia |
| 7:56 | Create | Militia |
| 8:02 | Build | House |
| 8:19 | Build | Mill |
| 8:50 | Age | Feudal Age |
| 8:54 | Build | Watch Tower |
| 8:56 | Create | Villager (Male) |
| 9:11 | Create | Villager (Male) |
| 9:13 | Build | Farm |
| 9:15 | Build | Farm |
| 9:28 | Create | Villager (Male) |
| 9:30 | Create | Spearman |
| 10:07 | Research | Man-at-Arms (upgrade) |
| 10:14 | Build | House |
| 10:25 | Create | Villager (Male) |
| 10:28 | Build | Farm |
| 10:30 | Build | Farm |
| 10:46 | Create | Villager (Male) |
| 10:53 | Build | Mining Camp |
| 11:00 | Build | Farm |
| 11:18 | Create | Villager (Male) |
| 11:31 | Create | Villager (Male) |
| 11:40 | Create | Spearman |
| 11:50 | Create | Villager (Male) |
| 12:15 | Create | Spearman |
| 12:17 | Create | Villager (Male) |
| 12:19 | Build | Stable |
| 12:47 | Create | Villager (Male) |
| 12:54 | Create | Scout Cavalry |
| 13:00 | Create | Villager (Male) |
| 13:01 | Build | Farm |
| 13:03 | Build | Farm |
| 13:21 | Create | Scout Cavalry |
| 13:26 | Build | House |
| 13:27 | Build | House |
| 13:41 | Create | Spearman |
| 13:46 | Research | Double-Bit Axe |
| 13:46 | Research | Double-Bit Axe |
| 13:54 | Build | House |
| 13:57 | Build | Palisade Wall |
| 14:00 | Create | Villager (Male) |
| 14:00 | Create | Villager (Male) |
| 14:18 | Build | House |
| 14:21 | Create | Scout Cavalry |
| 14:32 | Create | Villager (Male) |
| 14:49 | Build | Farm |
| 14:50 | Create | Villager (Male) |
| 14:53 | Build | Farm |
| 15:00 | Build | Farm |
| 15:12 | Build | Farm |
| 15:14 | Create | Villager (Male) |
| 15:29 | Build | Farm |
| 15:42 | Create | Villager (Male) |
| 15:46 | Build | Farm |
| 16:00 | Build | House |
| 16:03 | Build | Palisade Wall |
| 16:08 | Create | Villager (Male) |
| 16:15 | Create | Scout Cavalry |
| 16:35 | Create | Scout Cavalry |
| 16:37 | Create | Villager (Male) |
| 16:41 | Build | Blacksmith |
| 16:46 | Build | Farm |
| 16:53 | Create | Scout Cavalry |
| 17:06 | Research | Bloodlines |
| 17:07 | Research | Scale Barding Armor |
| 17:08 | Create | Villager (Male) |
| 17:10 | Build | Palisade Wall |
| 17:18 | Build | Mining Camp |
| 17:25 | Build | Mining Camp |
| 17:30 | Create | Scout Cavalry |
| 17:36 | Build | Farm |
| 17:38 | Build | Farm |
| 17:42 | Create | Villager (Male) |
| 18:14 | Create | Scout Cavalry |
| 18:28 | Create | Villager (Male) |
| 18:38 | Build | Farm |
| 18:40 | Build | Farm |
| 18:41 | Build | Farm |
| 18:42 | Create | Villager (Male) |
| 19:03 | Create | Villager (Male) |
| 19:03 | Build | Farm |
| 19:05 | Create | Villager (Male) |
| 19:07 | Build | Mining Camp |
| 19:27 | Create | Villager (Male) |
| 19:27 | Create | Villager (Male) |
| 19:35 | Create | Villager (Male) |
| 19:35 | Create | Villager (Male) |
| 19:57 | Build | Farm |
| 19:58 | Build | Farm |
| 19:58 | Build | Farm |
| 20:02 | Build | Farm |
| 20:05 | Build | Farm |
| 20:39 | Build | Farm |
| 21:31 | Research | Castle Age |
| 21:31 | Research | Castle Age |
| 21:49 | Build | Lumber Camp |
| 21:56 | Create | Scout Cavalry |
| 22:16 | Create | Scout Cavalry |
| 22:32 | Research | Padded Archer Armor |
| 22:39 | Research | Horse Collar |
| 22:39 | Research | Horse Collar |
| 23:04 | Create | Scout Cavalry |
| 23:40 | Create | Villager (Male) |
| 23:47 | Build | House |
| 24:11 | Age | Castle Age |
| 24:15 | Create | Villager (Male) |
| 24:17 | Build | Castle |
| 24:21 | Research | Light Cavalry (upgrade) |
| 24:22 | Create | Villager (Male) |
| 24:41 | Build | Town Center |
| 24:42 | Create | Villager (Male) |
| 25:05 | Create | Villager (Male) |
| 25:21 | Build | Monastery |
| 25:23 | Create | Conquistador |
| 25:23 | Create | Conquistador |
| 25:25 | Create | Villager (Male) |
| 25:26 | Build | Farm |
Match timeline
| 5:03 | hK | Puerco_Negro · first_building Barracks |
| 7:50 | Quix · first_building Barracks |
| 8:50 | hK | Puerco_Negro · age_up feudal |
| 8:51 | Quix · age_up feudal |
| 8:52 | Quix · first_building Stable |
| 9:22 | Quix · wall_segment Palisade Wall x1 |
| 9:29 | Quix · wall_segment Palisade Wall x1 |
| 9:40 | Quix · wall_segment Palisade Wall x1 |
| 9:41 | Quix · wall_segment Palisade Wall x1 |
| 9:41 | Quix · wall_segment Palisade Wall x1 |
| 11:20 | Quix · first_building Archery Range |
| 12:19 | hK | Puerco_Negro · first_building Stable |
| 13:57 | hK | Puerco_Negro · wall_segment Palisade Wall x2 |
| 14:10 | Quix · wall_segment Palisade Wall x6 |
| 14:46 | Quix · wall_segment Palisade Wall x8 |
| 15:31 | Quix · wall_segment Palisade Wall x1 |
| 15:31 | Quix · wall_segment Palisade Wall x1 |
| 16:03 | hK | Puerco_Negro · wall_segment Palisade Wall x4 |
| 16:40 | Quix · wall_segment Palisade Wall x1 |
| 16:42 | Quix · wall_segment Palisade Wall x1 |
| 17:01 | Quix · wall_segment Palisade Wall x1 |
| 17:02 | Quix · wall_segment Palisade Wall x1 |
| 17:10 | hK | Puerco_Negro · wall_segment Palisade Wall x1 |
| 17:32 | Quix · wall_segment Palisade Wall x1 |
| 17:43 | Quix · wall_segment Palisade Wall x1 |
| 17:44 | Quix · wall_segment Palisade Wall x1 |
| 17:51 | Quix · wall_segment Palisade Wall x1 |
| 17:56 | Quix · wall_segment Palisade Wall x1 |
| 18:59 | Quix · wall_segment Palisade Wall x1 |
| 20:32 | Quix · first_market_sell 100 wood |
| 20:33 | Quix · first_market_buy 100 food |
| 24:11 | hK | Puerco_Negro · age_up castle |
| 24:17 | Quix · age_up castle |
| 24:17 | hK | Puerco_Negro · first_building Castle |
| 25:21 | hK | Puerco_Negro · first_building Monastery |
| 26:40 | Quix · wall_segment Palisade Wall x1 |
| 28:32 | Quix · first_building Siege Workshop |
| 32:35 | hK | Puerco_Negro · first_building Siege Workshop |
| 34:31 | Quix · first_building Castle |
| 34:34 | hK | Puerco_Negro · first_market_buy 100 stone |
| 38:57 | Quix · age_up imperial |
| 39:56 | hK | Puerco_Negro · first_market_sell 100 wood |
| 43:11 | hK | Puerco_Negro · age_up imperial |
| 45:12 | Quix · resign |
[ AI ANALYSIS · 1 CREDIT ]
What really happened in this match?
Wolo.gg analyzes every decision: build order, eco, micro, common mistakes by bracket. Personalized analysis on WhatsApp or Discord in 30 seconds.
Civ guide
Saracens
Perfil
Jugador #2422210